 Dungeon Crawl Stone Soup version 0.27.1-4-g1640c2035a (webtiles) character file.

Game seed: 9418772511977208703

483 FreshCat the Cudgeller (level 6, -3/61 HPs)
             Began as a Troll Chaos Knight on Nov 2, 2021.
             Was a Plaything of Xom.
             Slain by an ogre (8 damage)
             ... on level 5 of the Dungeon.
             The game lasted 00:17:19 (3394 turns).

FreshCat the Cudgeller (Troll Chaos Knight)         Turns: 3394, Time: 00:17:19

Health: -3/61      AC:  6    Str: 21    XL:     6   Next: 87%
Magic:  5/5        EV: 10    Int:  9    God:    Xom [..*...]
Gold:   138        SH:  0    Dex: 10    Spells: 5/5 levels left

rFire    + . .     SeeInvis .   a - +0 mace (chaos)
rCold    . . .     Faith    .   (no shield)
rNeg     . . .     Spirit   .   b - +2 robe
rPois    .         Reflect  .   (helmet restricted)
rElec    .         Harm     .   k - scarf {repulsion}
rCorr    +         Rampage  .   (gloves unavailable)
Will     .....                  (boots unavailable)
Stlth    +.........             (no amulet)
HPRegen  1.20/turn              p - ring of resist corrosion
MPRegen  0.09/turn              j - ring of protection from fire

@: repel missiles
A: large, unfitting armour, claws 3, regeneration 1, shaggy fur 1, tough skin 1
a: Renounce Religion


You were on level 5 of the Dungeon.
You worshipped Xom.
You were a toy of Xom.
You visited 1 branch of the dungeon, and saw 6 of its levels.

You collected 138 gold pieces.

Inventory:

Hand Weapons
 a - a +0 mace of chaos (weapon)
Missiles
 d - 81 stones (quivered)
 m - 18 poisoned darts
 v - 2 boomerangs
Armour
 b - a +2 robe (worn)
 k - a scarf of repulsion (worn)
Jewellery
 j - a ring of protection from fire (right claw)
 p - a ring of resist corrosion (left claw)
Wands
 c - a wand of mindburst (16)
Scrolls
 i - a scroll of torment {unknown}
 l - a scroll of fear
 q - 2 scrolls of teleportation {unknown}
Potions
 e - a potion of resistance {unknown}
 f - 3 potions of heal wounds
 g - a potion of cancellation {unknown}
 h - 2 potions of berserk rage {unknown}
 n - a potion of invisibility {unknown}
 o - a potion of attraction {unknown}
 r - a potion of flight {unknown}
 s - a potion of lignification {unknown}
 t - a potion of brilliance {unknown}
 u - a potion of might {unknown}


   Skills:
 + Level 3.5 Fighting
 + Level 5.3 Maces & Flails
 + Level 1.6 Throwing
 + Level 3.1 Dodging
 + Level 0.6 Stealth


You had 5 spell levels left.
You didn't know any spells.
Your spell library contained the following spells:

 Spells                   Type           Power      Damage    Failure   Level
 Sting                    Tmut/Pois      0%         1d3       38%         1
 Poisonous Vapours        Pois/Air       0%         N/A       52%         2
 Sublimation of Blood     Necr           0%         N/A       52%         2
 Wereblood                Tmut           0%         N/A       52%         2
 Olgreb's Toxic Radiance  Pois           0%         N/A       99%         4
 Summon Hydra             Summ           0%         N/A       100%        7


Dungeon Overview and Level Annotations

Branches:
Dungeon (6/15)             Temple (0/1) D:5

Altars:
Xom
Yredelemnul

Annotations:
D:2 exclusion: downstairs
D:3 1 runed translucent door, exclusion: downstairs
D:4 exclusion: black bear
D:5 exclusion: downstairs


Innate Abilities, Weirdness & Mutations

You are too large for most types of armour.
You have claws for hands.
Your natural rate of healing is unusually fast.
You are covered in fur. (AC +1)
You have tough skin. (AC +1)


Message History

You climb downwards.
Found 21 gold pieces.
There is a stone staircase leading up here.
You climb upwards.
Level annotation: exclusion: downstairs
There is a stone staircase leading down here.
You see here 2 boomerangs.
v - 2 boomerangs
d - 78 stones (gained 1)
d - 81 stones (gained 3)
Found a staircase to the Ecumenical Temple.
An orc comes into view. It is wielding a +0 hand axe.
The orc shouts!
There is a fountain of clear blue water here.
There is a fountain of clear blue water here.
The orc hits you with a +0 hand axe.
You barely miss the orc.
An ogre comes into view. It is wielding a +0 giant spiked club.
The orc hits you with a +0 hand axe. The orc closely misses you.
The ogre shouts!
You hit the orc.
The orc is poisoned.
The orc is heavily wounded.
The orc barely misses you.
You hit the orc. You burn the orc.
You kill the orc!
The ogre hits you with a +0 giant spiked club.
There is a fountain of clear blue water here.
You sock the ogre! You burn the ogre.
The ogre is moderately wounded.
The ogre hits you with a +0 giant spiked club!!
You are too injured to fight recklessly!
You are too injured to fight recklessly!
You sock the ogre!
The ogre resists with some effort.
The ogre is heavily wounded.
The ogre hits you with a +0 giant spiked club!!
* * * LOW HITPOINT WARNING * * *
You hit the ogre.
The ogre is severely wounded.
The ogre hits you with a +0 giant spiked club!
You die...

....#....#.......
#..................
#................## ..
#.................. ...
#..........#.......
...####..........#.......
.................#.......
#.....8O8.8.............
#......@.⌠..........#...
#.....8.>.8..##.....#...
####.).⌠.⌠..###.....#...
#..8.8.8.# #.....#...
#........# #.....#...
#........# #######...
########## ####


You could see an ogre.

Vanquished Creatures
  An ogre (D:5)
  A scorpion (D:5)
  2 jellies (D:4)
  A hound (D:5)
  An orc priest (D:3)
  An iguana (D:3)
  A howler monkey zombie (D:5)
  8 adders
  A howler monkey skeleton (D:5)
  An adder skeleton (D:4)
  2 dart slugs
  13 orcs
  6 ball pythons
  3 bats
  6 endoplasms
  2 giant cockroaches
  9 goblins
  6 hobgoblins
  9 jackals
  2 kobolds
  3 quokkas
  A ball python zombie (D:2)
  A quokka skeleton (D:2)
  7 rats
88 creatures vanquished.

Vanquished Creatures (collateral kills)
  A kobold (D:4)
1 creature vanquished.

Vanquished Creatures (others)
  A jackal (D:4)
1 creature vanquished.

Grand Total: 90 creatures vanquished

Notes
Turn   | Place    | Note
-------+----------+-------------------------------------------
     0 | D:1      | FreshCat the Troll Chaos Knight began the quest for the
                  | Orb.
     0 | D:1      | Reached XP level 1. HP: 22/22 MP: 0/0
    61 | D:1      | XOM: potion effect (haste)
    64 | D:1      | Reached XP level 2. HP: 26/29 MP: 1/1
    65 | D:1      | Reached skill level 3 in Maces & Flails
   636 | D:1      | Reached XP level 3. HP: 36/36 MP: 2/2
   712 | D:1      | XOM: divination: detect items
   959 | D:2      | Found a shimmering altar of Xom.
  1034 | D:2      | Found a faded altar of an unknown god.
  1374 | D:2      | Reached XP level 4. HP: 44/44 MP: 3/3
  1731 | D:3      | Reached skill level 1 in Throwing
  2028 | D:3      | Noticed a human
  2029 | D:3      | Found a runed translucent door.
  2034 | D:3      | Found a basalt altar of Yredelemnul.
  2209 | D:3      | Reached skill level 4 in Maces & Flails
  2231 | D:3      | Reached XP level 5. HP: 53/53 MP: 4/4
  2810 | D:4      | Noticed a black bear
  2989 | D:4      | Reached XP level 6. HP: 52/61 MP: 5/5
  2992 | D:4      | XOM: enchant monster (good)
  3012 | D:4      | XOM: silly message
  3083 | D:5      | Entered Level 5 of the Dungeon
  3101 | D:5      | Reached skill level 5 in Maces & Flails
  3136 | D:4      | XOM: enchant monster (good)
  3252 | D:6      | Noticed a komodo dragon
  3252 | D:6      | XOM: summons friendly shadow imp
  3253 | D:6      | Noticed an ice beast
  3377 | D:5      | Found a staircase to the Ecumenical Temple.
  3394 | D:5      | Slain by an ogre

Illustrated notes

Levels and vault maps discovered:
D:1:      pf_arrival_petrified_forest, layout_loops_corners
D:2:      layout_loops_cross, hellmonk_ecumenical_altar_prayer_group,
          basic_altar, serial_undead, serial_undead_a, serial_undead_b,
          serial_undead_c, serial_undead_d, serial_bayou_pond_d, st_stairs_6
D:3:      layout_basic, dk_yredelemnul_ordeal, chequers_hall_statues_corner_a
D:4:      lemuel_castle_with_subvaults [lemuel_castle_interior_original],
          layout_cave_pools
D:5:      layout_basic, lemuel_round_altar,
          minmay_temple_entry_statues_fountains
D:6:      layout_rooms, mainiacjoe_overflow_six_doors_small,
          mainiacjoe_overflow_paths, uniq_menkaure

Skill      XL: |  1  2  3  4  5  6 |
---------------+-------------------+-----
Dodging        | 2 3 |  3.1
Maces & Flails | 3 4 5 |  5.3
Throwing       | 1 |  1.6
Fighting       | 3 |  3.5
Stealth        | |  0.6

Action                   |  1- 3 |  4- 6 || total
-------------------------+-------+-------++-------
Melee: Mace              |   109 |   181 ||   290
Throw: Stone             |    43 |    35 ||    78
       Dart              |       |     2 ||     2
  Use: Scroll            |     1 |     3 ||     4
 Stab: Paralysed         |       |     3 ||     3
Armor: Robe              |    42 |    73 ||   115
Dodge: Dodged            |    67 |   110 ||   177
       Repelled          |       |     2 ||     2
